 Dungeon Crawl Stone Soup version 0.23-a0-629-gae4348f (console) character file.

8967 bli the Slicer (level 11, -4/95 HPs)
             Began as a Green Draconian Fighter on Dec 25, 2018.
             Was a Priest of the Shining One.
             Slain by an orc warrior
             ... wielding a +0 trident
              (16 damage)
             ... on level 9 of the Dungeon.
             The game lasted 00:35:47 (8121 turns).

bli the Slicer (Green Draconian Fighter)            Turns: 8121, Time: 00:35:48

Health: -4/95      AC: 11    Str: 23    XL:     11   Next: 16%
Magic:  11/11      EV: 13    Int:  9    God:    the Shining One [***...]
Gold:   232        SH:  7    Dex: 14    Spells: 10/10 levels left

rFire    . . .     SeeInvis .   b - +1 scimitar
rCold    . . .     Gourm    .   x - +2 buckler
rNeg     + . .     Faith    .   (armour unavailable)
rPois    +         Spirit   .   (helmet restricted)
rElec    .         Reflect  .   L - +1 cloak {MR+}
rCorr    .         Harm     .   p - +0 pair of gloves
MR       ++...     Rnd*Tele +   K - +0 pair of boots
Stlth    +.........             u - amulet of the acrobat
HPRegen  0.25/turn              J - +5 ring of strength
MPRegen  0.12/turn              S - -2 ring of evasion

@: glowing
A: breathe noxious fumes, unfitting armour, horns 1, blurry vision 1, magic
resistance 1, poison resistance, teleportitis 1, cold-blooded, AC +7
a: Breathe Noxious Fumes, Divine Shield, Renounce Religion


You were on level 9 of the Dungeon.
You worshipped the Shining One.
The Shining One was most pleased with you.
You were hungry.

You visited 1 branch of the dungeon, and saw 9 of its levels.

You collected 448 gold pieces.
You spent 216 gold pieces at shops.

Inventory:

Hand Weapons
 a - a +2 short sword of protection
 b - a +1 scimitar (weapon)
 w - a +0 hunting sling
 B - a +0 long sword
 D - a +1 dagger of venom
 O - a +2 hand axe of flaming
 R - a +1 dagger of electrocution
Missiles
 h - 89 sling bullets
 j - 216 stones
 C - 7 tomahawks
 P - a javelin (quivered)
Armour
 p - a +0 pair of gloves (worn)
 x - a +2 buckler (worn)
 K - a +0 pair of boots (worn)
 L - a +1 cloak of magic resistance (worn)
 N - a +0 shield
Jewellery
 e - an uncursed ring of ice
 f - a +4 ring of evasion
 i - an uncursed ring of fire
 u - an amulet of the acrobat (around neck)
 H - an uncursed amulet of magic regeneration {unknown}
 J - a +5 ring of strength (left hand)
 M - an uncursed ring of protection from cold
 S - a -2 ring of evasion (right hand)
Wands
 A - a wand of enslavement (13)
 F - a wand of random effects (22)
Scrolls
 l - 8 scrolls of remove curse
 r - 5 scrolls of teleportation {unknown}
 t - 2 scrolls of brand weapon {unknown}
 v - a scroll of fog {unknown}
 y - a scroll of magic mapping
 E - 2 scrolls of amnesia {unknown}
 G - 4 scrolls of enchant armour
 I - a scroll of immolation
Potions
 c - a potion of might
 g - 4 potions of curing {unknown}
 k - 2 potions of lignification
 m - 3 potions of mutation
 n - 6 potions of heal wounds
 o - a potion of flight
 q - a potion of resistance
 s - 3 potions of brilliance
 z - 3 potions of agility
Comestibles
 d - 18 rations


   Skills:
 * Level 8.9 Fighting
 + Level 11.6(12.1) Short Blades
 * Level 5.8(9.5) Long Blades
 - Level 0.2 Axes
 + Level 5.5 Throwing
 + Level 5.9 Dodging
 - Level 4.0 Shields


You had 10 spell levels left.
You didn't know any spells.
Your spell library was empty.

Dungeon Overview and Level Annotations

Branches:
Dungeon (9/15)             Temple (0/1) D:5
   Lair: D:8-11         Orc: D:9-12

Altars:
Ashenzari
Elyvilon
Fedhas
Hepliaklqana
Okawaru
Ru
Trog
Uskayaw
Yredelemnul
The Shining One

Shops:
D:6 !


Innate Abilities, Weirdness & Mutations

You can breathe blasts of noxious fumes.
Your lurid green scales are hard. (AC +7)
You cannot fit into any form of body armour.
Your system is resistant to poisons. (rPois)
You are cold-blooded and may be slowed by cold attacks.
You have a pair of small horns on your head.
Scrolls take you a little longer to read.
You are resistant to hostile enchantments. (MR+)
You are occasionally teleported next to monsters.


Message History

You hit the orc warrior.
You headbutt the orc warrior, but do no damage.
The orc warrior is lightly wounded.
The orc warrior closely misses you.
You hit the orc warrior but do no damage.
You headbutt the orc warrior, but do no damage.
You tail-slap the orc warrior, but do no damage.
The orc warrior is lightly wounded.
The orc warrior barely misses you.
You hit the orc warrior but do no damage.
The orc warrior is lightly wounded.
The orc warrior hits you with a +0 trident.
* * * LOW HITPOINT WARNING * * *
You hit the orc warrior but do no damage.
The orc warrior is lightly wounded.
You completely miss the orc warrior.
You headbutt the orc warrior, but do no damage.
The orc warrior is lightly wounded.
The orc warrior hits you with a +0 trident!
You die...

# #........#
#........#
#(.......#
######..(.....#
#......(......#
#......(..=...#
#...........?.#
#)....o.......#
+.....@.......#
####+#........#
#........#
+..####<.# #..#
.# #####
#..####. #
....#
#.?......#
...≈#
#........#
....###
#........#
...≈..#
#....###.#
....#)#
#........#


You could see an orc warrior.

Vanquished Creatures
  Harold (D:7)
  A hydra (D:9)
  A two-headed ogre (D:8)
  Pikel (D:9)
  A wolf spider zombie (D:8)
  Maurice (D:9)
  2 centaur skeletons (D:8)
  2 hellwings (D:8)
  2 dream sheep (D:9)
  2 yaks (D:9)
  A wyvern (D:7)
  Menkaure (D:5)
  An orc warrior (D:9)
  3 sky beasts
  2 ice beasts
  A hornet zombie (D:8)
  A necrophage (D:9)
  3 ogres
  A centaur (D:9)
  3 big kobolds (D:9)
  2 bullfrogs
  A scorpion (D:7)
  A wyvern skeleton (D:8)
  6 wights
  3 crimson imps
  4 centaur zombies
  3 hounds
  11 orc wizards
  2 orc priests
  A bullfrog skeleton (D:6)
  4 iguanas
  Ijyb (D:5)
  5 worker ants
  A hound zombie (D:6)
  3 gnolls (D:7)
  10 adders
  7 shadow imps
  An adder zombie (D:7)
  3 worms
  A dart slug (D:1)
  2 leopard geckos
  40 orcs
  5 giant cockroaches
  11 hobgoblins
  4 jackals (D:6)
  7 quokkas
  A ball python (D:4)
  7 bats
  3 frilled lizards
  10 goblins
  9 kobolds
  2 leopard gecko zombies (D:7)
  2 quokka skeletons
  12 rats
216 creatures vanquished.

Vanquished Creatures (others)
  A plant (D:9)
1 creature vanquished.

Grand Total: 217 creatures vanquished

Notes
Turn   | Place    | Note
-------+----------+-------------------------------------------
     0 | D:1      | bli the Draconian Fighter began the quest for the Orb.
     0 | D:1      | Reached XP level 1. HP: 19/19 MP: 1/1
   167 | D:1      | Reached XP level 2. HP: 26/26 MP: 2/2
   881 | D:2      | Reached XP level 3. HP: 31/31 MP: 3/3
  1161 | D:2      | Reached XP level 4. HP: 26/40 MP: 4/4
  1272 | D:2      | Found a glowing golden altar of the Shining One.
  1318 | D:2      | Became a worshipper of the Shining One
  1954 | D:3      | Reached XP level 5. HP: 40/46 MP: 5/5
  2403 | D:4      | Reached skill level 1 in Short Blades
  2510 | D:4      | Noticed an ogre
  2518 | D:4      | Killed an ogre
  2518 | D:4      | Reached skill level 2 in Short Blades
  2518 | D:4      | Reached XP level 6. HP: 52/52 MP: 6/6
  3000 | D:4      | Reached skill level 3 in Short Blades
  3244 | D:4      | Found a hazy altar of Hepliaklqana.
  3346 | D:5      | Entered Level 5 of the Dungeon
  3423 | D:5      | Noticed a sky beast
  3426 | D:5      | Noticed Ijyb
  3445 | D:4      | Killed a sky beast
  3445 | D:4      | Your scales start taking on a lurid green colour.
  3445 | D:4      | Reached XP level 7. HP: 53/60 MP: 7/7
  3445 | D:4      | Gained mutation: Your system is resistant to poisons.
                  | (rPois) [Green Draconian growth]
  3527 | D:5      | Killed Ijyb
  3565 | D:5      | Found a staircase to the Ecumenical Temple.
  3577 | D:5      | Noticed Menkaure
  3577 | D:5      | Reached * piety under the Shining One
  3585 | D:5      | HP: 3/60 [Menkaure (14)]
  3587 | D:5      | Killed Menkaure
  3587 | D:5      | Reached skill level 4 in Short Blades
  3602 | D:5      | Reached skill level 5 in Fighting
  3631 | D:5      | Reached skill level 5 in Short Blades
  4071 | D:6      | Found a sacrificial altar of Ru.
  4124 | D:6      | Found a white marble altar of Elyvilon.
  4272 | D:6      | Found an iron altar of Okawaru.
  4359 | D:6      | Reached XP level 8. HP: 47/68 MP: 8/8
  4472 | D:6      | Reached skill level 6 in Short Blades
  4523 | D:6      | Found a hide-covered altar of Uskayaw.
  4524 | D:6      | Noticed a +0 hand axe
  4529 | D:6      | Noticed a +0 hand axe
  4555 | D:6      | Found Demmeon's Distillery.
  4587 | D:6      | Bought a potion of mutation for 96 gold pieces
  4587 | D:6      | Bought 2 potions of heal wounds for 120 gold pieces
  4587 | D:6      | Gained mutation: You have a pair of small horns on your
                  | head. [potion of mutation]
  4587 | D:6      | Gained mutation: You are occasionally teleported next to
                  | monsters. [potion of mutation]
  4587 | D:6      | Gained mutation: Scrolls take you a little longer to read.
                  | [potion of mutation]
  4587 | D:6      | Gained mutation: You are resistant to hostile enchantments.
                  | (MR+) [potion of mutation]
  5275 | D:7      | Noticed Harold
  5308 | D:7      | Killed Harold
  5308 | D:7      | Reached skill level 8 in Short Blades
  5308 | D:7      | Reached skill level 1 in Throwing
  5344 | D:7      | Reached XP level 9. HP: 53/75 MP: 9/9
  5431 | D:7      | Found a blossoming altar of Fedhas.
  5431 | D:7      | Found a bloodstained altar of Trog.
  5432 | D:7      | Found a shattered altar of Ashenzari.
  5681 | D:7      | Reached ** piety under the Shining One
  5730 | D:7      | Reached skill level 9 in Short Blades
  6360 | D:8      | Noticed a hellwing
  6360 | D:8      | Noticed a hellwing
  6406 | D:8      | Noticed a two-headed ogre
  6445 | D:8      | Reached *** piety under the Shining One
  6445 | D:8      | Reached skill level 10 in Short Blades
  7008 | D:8      | Reached XP level 10. HP: 69/86 MP: 10/10
  7033 | D:8      | Reached skill level 5 in Dodging
  7100 | D:8      | Reached skill level 11 in Short Blades
  7141 | D:8      | Killed a two-headed ogre
  7390 | D:8      | Found a basalt altar of Yredelemnul.
  7799 | D:9      | Noticed Pikel
  7806 | D:9      | Killed Pikel
  7806 | D:9      | Reached skill level 5 in Long Blades
  7839 | D:9      | Reached skill level 5 in Throwing
  7860 | D:9      | Reached XP level 11. HP: 56/95 MP: 11/11
  8014 | D:9      | Noticed a three-headed hydra
  8034 | D:9      | Killed a one-headed hydra
  8070 | D:9      | Noticed Maurice
  8085 | D:9      | Killed Maurice
  8121 | D:9      | Slain by an orc warrior

Vault maps used:
D:1:      arrival_zaba_pyramid, minmay_split_cup_large
D:2:      tso_metal_star
D:3:      first_ration, minmay_fractal_squares_5
D:4:      kennysheep_mini_moat
D:5:      minmay_temple_entry_statues_fountains, chequers_jeans, uniq_menkaure,
          uniq_ijyb
D:6:      elyvilon_altar_3, dancing_weapons_uskayaw, kennysheep_mini,
          lemuel_round_altar, serial_shops, shop
D:7:      corexii_shack_village, gammafunk_temple_overflow_claw, uniq_harold
D:8:      cheibrodos_grave_circle, kennysheep_little_box
D:9:      orc_0_dummy, hangedman_ranch, uniq_pikel, uniq_maurice

Skill      XL: |  1  2  3  4  5  6  7  8  9 10 |
---------------+-------------------------------+-----
Dodging        | 3 4 5 |  5.9
Long Blades    | 3 4 5 |  5.8
Short Blades   | 2 3 5 8 10 11 | 11.6
Fighting       | 4 5 6 7 8 |  8.9
Shields        | 4 |  4.0
Throwing       | 1 3 5 |  5.5
Axes           | |  0.2

Action                   |  1- 3 |  4- 6 |  7- 9 | 10-12 || total
-------------------------+-------+-------+-------+-------++-------
Melee: Long sword        |    92 |   111 |       |       ||   203
       Tailslap          |     7 |    34 |    53 |    40 ||   134
       Short sword       |       |   142 |   306 |   149 ||   597
       Headbutt          |       |       |    60 |    56 ||   116
       Scimitar          |       |       |       |    41 ||    41
       Hand axe          |       |       |       |     7 ||     7
Throw: Stone             |     5 |    13 |     2 |     8 ||    28
       Javelin           |       |       |    72 |    37 ||   109
       Tomahawk          |       |       |       |    14 ||    14
 Abil: Breathe Noxious F |       |       |     1 |       ||     1
Evoke: Wand              |       |       |       |     1 ||     1
  Use: Potion            |       |       |     3 |       ||     3
       Scroll            |       |       |     9 |     1 ||    10
 Stab: Sleeping          |     2 |       |       |       ||     2
  Eat: Chunk             |     1 |     7 |    11 |     1 ||    20
       Ration            |       |       |       |     1 ||     1
Armor: Skin              |    27 |    62 |    65 |    39 ||   193
Dodge: Dodged            |    37 |   116 |   149 |   128 ||   430
Block: Shield            |    44 |    30 |       |       ||    74
       Buckler           |       |    51 |    64 |    40 ||   155
       Rpst.: Long sword |    13 |    22 |       |       ||    35
       Scimitar          |       |       |       |     5 ||     5

Table legend:
 A = Non-vault XP
 B = Vault XP
 C = Vault XP percentage of total XP
 D = Non-vault monster count
 E = Vault monster count
 F = Vault count percentage of total count
                 A         B        C        D         E       F
            +---------+---------+-------+---------+---------+-------
      Total |    4717 |    8094 |  63.2 |     165 |      51 |  23.6
            +---------+---------+-------+---------+---------+-------
        D:1 |      26 |       5 |  16.1 |      15 |       5 |  25.0
        D:2 |      72 |       0 |   0.0 |      15 |       0 |   0.0
        D:3 |     163 |      24 |  12.8 |      27 |       6 |  18.2
        D:4 |     453 |       0 |   0.0 |      20 |       0 |   0.0
        D:5 |     263 |     193 |  42.3 |      10 |       2 |  16.7
        D:6 |     499 |       0 |   0.0 |      25 |       0 |   0.0
        D:7 |     767 |    1050 |  57.8 |      20 |      15 |  42.9
        D:8 |    1639 |    3561 |  68.5 |      16 |      13 |  44.8
        D:9 |     835 |    3261 |  79.6 |      17 |      10 |  37.0
            +---------+---------+-------+---------+---------+-------
